woodfighter, lawful female human Archeologist ---- -..-----------.)... ..[)...).).)@)..... .|..--#---------...%.. ....*.. ---...... |....<*.. |......). --- |.........--.| --...........| --.........-- ---.-- woodfighter the Investigator Experience level: 7 Strength: 12 Dexterity: 13 Constitution: 15 Intelligence: 16 Wisdom: 14 Charisma: 11 Health: 0(59) Energy: 32(32) Def: 3 Gold: 0 Moves: 7296 Dungeon seed: by5grynvSHUE9TL5 Game ID: woodfighter_1597269058 Your Inventory: Amulets K - an uncursed amulet of reflection (being worn) Weapons a - a +2 bullwhip (weapon in hand) Armor e - a blessed burnt +0 leather jacket (being worn) n - an uncursed +0 dwarvish cloak (being worn) r - an uncursed +0 elven shield z - an uncursed +0 helm of brilliance (being worn) N - an uncursed +0 elven mithril-coat X - a blessed +0 robe Comestibles b - 6 uncursed food rations p - an uncursed carrot B - an uncursed tin of lichen F - an uncursed apple J - 2 uncursed tripe rations Rings m - an uncursed ring of poison resistance (on right hand) V - an uncursed +2 ring of protection (on left hand) Wands d - a wand of sleep (0:7) f - a wand of digging (0:5) S - a cursed wand of striking (0:5) U - a cursed wand of digging (0:5) W - a cursed wand of fire (0:5) Tools c - a +0 pick-axe s - an uncursed sack y - an uncursed blindfold Z - a cursed skeleton key Gems g - a cursed turquoise h - a cursed ruby i - a cursed amber q - an uncursed touchstone Contents of the sack: 2 [cursed] sprigs of wolfsbane a [cursed] scroll of create monster a [cursed] scroll of identify a [cursed] scroll of teleportation a [uncursed] potion of booze a [blessed] potion of invisibility a [uncursed] potion of levitation a [blessed] potion of sleeping a potion of unholy water a [uncursed] [+2] ring of increase damage Spells and supernatural/magical abilities: Name Level Category Fail Memory W - pray for help -- divine ? -- Your skills at the end: Miscellaneous Skills wands [Basic] Weapon Skills pick-axe [Basic] boomerang [Basic] whip [Basic] Spellcasting Skills Final Attributes: You were fervently aligned. You were sleep resistant. You were poison resistant. Your writing hand was ok. You were telepathic. You were protected. You were fast. You had reflection. You are dead. Vanquished creatures: a ghost 2 giant mimics a gnome king a dingo a dust vortex 2 Woodland-elves 2 soldier ants a rock piercer a fog cloud 2 gnome lords 2 gnomish wizards a black naga hatchling a golden naga hatchling 3 elf zombies a giant ant a floating eye 3 kittens 2 dwarves a kobold lord a kobold shaman 2 iguanas 5 hill orcs a centipede a jitterbug a giant bat 4 orc zombies 2 dwarf zombies a werejackal 2 killer bees 7 coyotes 2 gas spores 4 hobbits 2 large kobolds 3 geckos 4 hobgoblins 8 giant rats 7 cave spiders 2 brown molds 4 yellow molds a green mold 13 gnomes 19 garter snakes 3 gnome zombies 2 jackals a kobold 9 newts 2 goblins 7 sewer rats 7 grid bugs 6 bats 6 lichens 2 kobold zombies 170 creatures vanquished. Voluntary challenges: You did not cause conflict. You were not invisible. You did not have reflection until turn 6676. You were not displaced. You used a wielded weapon 474 times, starting on turn 37. You did not apply a unicorn horn. You did not use plumbed fixtures. You did not drink any magical draughts. You read items or engraved 1 time, starting on turn 2937. You never genocided any monsters. You never polymorphed an object. You never changed form. You cheated 2 times but completed Sokoban on turn 6337. You used no wishes. You never split a pudding. You never wrote Elbereth's name. You never violated your personal moral code. Dungeon overview: The Dungeons of Doom: levels 1 to 7 Level 1 a long staircase Level 2 a scroll shop Level 3 some fountains stairs to The Gnomish Mines Level 4 (stash) a general store, a fountain Level 5 (box) Level 6 many fountains Level 7 stairs to Sokoban The Gnomish Mines: levels 4 to 5 Level 4 stairs to The Dungeons of Doom Level 5 <- You were here Sokoban: levels 3 to 6 Level 3 a magic chest Level 4 Level 5 Level 6 an altar to Camaxtli, a magic chest stairs to The Dungeons of Doom History has recorded: On T:1 you entered the Dungeons of Doom to retrieve the Amulet of Yendor! On T:161 you reached level 2 of The Dungeons of Doom. On T:446 you reached level 3 of The Dungeons of Doom. On T:632 you advanced to experience level 2. On T:682 you reached level 1 of The Gnomish Mines. On T:760 you reached level 4 of The Dungeons of Doom. On T:1042 you advanced to experience level 3. On T:1113 you prayed to Quetzalcoatl. On T:1138 you advanced to experience level 4. On T:1222 you reached level 2 of The Gnomish Mines. On T:1380 you advanced to experience level 5. On T:1815 you prayed to Quetzalcoatl. On T:2151 you reached level 5 of The Dungeons of Doom. On T:2270 you reached level 6 of The Dungeons of Doom. On T:2512 you reached level 7 of The Dungeons of Doom. On T:2560 you advanced to experience level 6. On T:2876 you reached level 4 of Sokoban. On T:2936 you opened a magic chest. On T:3112 you reached level 3 of Sokoban. On T:3648 you reached level 2 of Sokoban. On T:3925 you reached level 1 of Sokoban. On T:4362 you prayed to Quetzalcoatl. On T:5308 you advanced to experience level 7. On T:6337 you entered the Sokoban zoo. On T:6903 you prayed to Quetzalcoatl. On T:7212 you prayed to Quetzalcoatl. Score breakdown: Gold: 0 ( 0 points) Experience: 7 levels ( 600 points) Exploration: 7 levels ( 180 points) Discoveries: 42 items ( 2000 points) Variety of kills: 52 monsters ( 2000 points) Major goal: finished Sokoban ( 1000 points) Survival: died (score multiplied by 3) Total score: 17340 Latest messages: You whip the Woodland-elf. The Woodland-elf turns to flee! You kill the Woodland-elf! There are a few objects here. You whip the gnome. The gnome thrusts one of her daggers at you. The gnome stabs you! You kill the gnome! You see here 2 daggers. There are a few objects here. The gnome picks up 2 daggers. You have a little trouble lifting N - an elven mithril-coat. Your movements are slowed slightly because of your load. You see here a runed spear. Something is hit. Something is destroyed! There are several objects here. There are a few objects here. You are hit by a runed arrow! It is missed. You are almost hit by a dart. Where do you want to travel to? You stop travelling. You are hit by a runed arrow! You die... Final status: Goodbye woodfighter the Archeologist, killed by an elven arrow... You died in The Gnomish Mines on dungeon level 5 with 17340 points, and 0 pieces of gold, after 7296 moves. You were level 7 with a maximum of 59 hit points when you died.